 Dungeon Crawl Stone Soup version 0.18.1-8-gdd0e5ea (webtiles) character file.

118 manyhoops the Chopper (level 4, 0/38 HPs)
             Began as a Draconian Gladiator on May 31, 2016.
             Slain by a gnoll
             ... wielding a +0 whip
              (10 damage)
             ... on level 3 of the Dungeon.
             The game lasted 00:03:02 (1588 turns).

manyhoops the Chopper (Draconian Gladiator)         Turns: 1588, Time: 00:03:03

Health: 0/38       AC:  6    Str: 18    XL:     4   Next: 72%
Magic:  4/4        EV: 12    Int:  8    God:
Gold:   100        SH:  0    Dex: 12    Spells: 0 memorised, 3 levels left

rFire  . . .     SeeInvis .     a - +0 war axe
rCold  . . .     Gourm    .     (armour unavailable)
rNeg   . . .     Faith    .     (no shield)
rPois  .         Spirit   .     b - +0 hat
rElec  .         Dismiss  .     (no cloak)
rCorr  .         Reflect  .     h - +0 pair of gloves (curse)
SustAt .         Harm     .     (no boots)
MR     .....                    (no amulet)
Stlth  +.........               (no ring)
                                k - ring of flight

@: not resistant to hostile enchantments, very unstealthy
A: unfitting armour, cold-blooded, AC +5
a: Evoke Flight


You were on level 3 of the Dungeon.
You were hungry.

You visited 1 branch of the dungeon, and saw 3 of its levels.

You collected 100 gold pieces.

Inventory:

Hand Weapons
 a - a +0 war axe (weapon)
Missiles
 c - 3 throwing nets (quivered)
Armour
 b - a +0 hat (worn)
 h - a cursed +0 pair of gloves (worn)
Jewellery
 k - a ring of flight (left hand)
Scrolls
 e - 2 scrolls of identify {unknown}
 g - a scroll of blinking {unknown}
 i - a scroll of teleportation {unknown}
 l - 4 scrolls of remove curse {unknown}
 o - a scroll of enchant armour {unknown}
 p - a scroll of enchant weapon {unknown}
Potions
 j - a potion of beneficial mutation {unknown}
Comestibles
 d - a bread ration
 f - a meat ration
 m - 3 beef jerkies


   Skills:
 + Level 3.4 Fighting
 + Level 4.9 Axes
 - Level 1.7 Throwing
 - Level 2.6 Dodging


You had 3 spell levels left.
You didn't know any spells.

Dungeon Overview and Level Annotations

Branches:
Dungeon (3/15)

Altars:


Innate Abilities, Weirdness & Mutations

Your plain brown scales are hard (AC +5).
Your body does not fit into most forms of armour.
You are cold-blooded and may be slowed by cold attacks.


Message History

The gnoll hits you but does no damage. The gnoll misses you.
You hit the gnoll.
Your tail-slap misses the gnoll.
The gnoll is moderately wounded.
The gnoll barely misses you. The gnoll hits you with a whip.
The gnoll hits you from afar with a spear.
You barely miss the gnoll.
The gnoll is moderately wounded.
The gnoll hits you with a whip.
The gnoll hits you from afar with a spear.
You barely miss the gnoll.
The gnoll is moderately wounded.
The gnoll hits you but does no damage.
The gnoll hits you from afar with a spear.
The gnoll hits you but does no damage.
You hit the gnoll but do no damage.
The gnoll is moderately wounded.
The gnoll hits you from afar with a spear.
* * * LOW HITPOINT WARNING * * *
The gnoll hits you with a whip!
You die...

........††...#..### #.#
##..#.gg.#####..# #.#
††.##.#### #..# ##.######
..#...# #..######.....<.#
#..g### ##.#....#.......#
##.## ###....#.......# ###
#....#.......#
#################....#.......#
............).gg@............#
#################....#.......#
#....#....(..# #....#########
#....# #....# ######


You could see 2 gnolls.

Vanquished Creatures
  2 adders
  2 gnolls (D:3)
  2 oozes
  A worm (D:3)
  2 dart slugs (D:1)
  2 giant geckos (D:2)
  5 orcs (D:3)
  8 bats
  2 giant cockroaches
  8 goblins
  2 hobgoblins
  4 jackals (D:2)
  4 kobolds (D:1)
  A quokka (D:2)
  A ball python (D:1)
  9 giant newts
  4 rats
59 creatures vanquished.

Notes
Turn   | Place    | Note
--------------------------------------------------------------
     0 | D:1      | manyhoops the Draconian Gladiator began the quest for the Orb.
     0 | D:1      | Reached XP level 1. HP: 17/17 MP: 1/1
   204 | D:1      | Reached XP level 2. HP: 25/25 MP: 2/2
   731 | D:2      | Reached skill level 4 in Axes
   731 | D:2      | Reached XP level 3. HP: 28/30 MP: 3/3
  1236 | D:3      | Reached XP level 4. HP: 10/38 MP: 4/4
  1588 | D:3      | Slain by a gnoll

Skill      XL: |  1  2  3 |
---------------+----------+-----
Axes           | 4 |  4.9
Fighting       | 3 |  3.4
Throwing       | |  1.7
Dodging        | |  2.6

Action                   |  1- 3 |  4- 6 || total
-------------------------+-------+-------++-------
Melee: War axe           |   126 |    47 ||   173
       Tailslap          |     5 |     3 ||     8
  Eat: Chunk             |     1 |     1 ||     2
Armor: Skin              |    52 |    17 ||    69
Dodge: Dodged            |   116 |    31 ||   147
